 Dungeon Crawl Stone Soup version 0.28-a0-983-g1de4e0787c (webtiles) character file.

Game seed: 9327674146713892356

374 Redcow54321 the Skirmisher (level 6, 0/71 HPs)
             Began as an Ogre Cinder Acolyte on Dec 3, 2021.
             Was a High Priest of Ignis.
             Slain by an ogre (12 damage)
             ... on level 4 of the Dungeon.
             The game lasted 00:05:05 (3709 turns).

Redcow54321 the Skirmisher (Ogre Cinder Acolyte)    Turns: 3709, Time: 00:05:07

Health: 0/71       AC:  4    Str: 21    XL:     6   Next: 72%
Magic:  7/7        EV:  9    Int: 15    God:    Ignis [*****.]
Gold:   101        SH:  0    Dex:  4    Spells: 7/7 levels left

rFire   + . .      SeeInvis .   o - +0 scythe
rCold   . . .      Faith    .   (shield currently unavailable)
rNeg    . . .      Spirit   .   b - +0 robe
rPois   .          Reflect  .   (helmet restricted)
rElec   .          Harm     .   e - +0 cloak
rCorr   .          Rampage  .   (gloves unavailable)
Will    .....                   (boots unavailable)
Stlth   +.........              (no amulet)
HPRegen 0.21/turn               (no ring)
MPRegen 0.10/turn               (no ring)

@: no status effects
A: large, unfitting armour, tough skin 1
a: Renounce Religion, Fiery Armour, Foxfire Swarm, Rising Flame


You were on level 4 of the Dungeon.
You worshipped Ignis.
Ignis was extremely pleased with you.
You visited 1 branch of the dungeon, and saw 5 of its levels.

You collected 101 gold pieces.

Inventory:

Hand Weapons
 a - a -1 spear of flaming
 o - a +0 scythe (weapon)
Missiles
 i - a throwing net (quivered)
Armour
 b - a +0 robe (worn)
 e - a +0 cloak (worn)
Jewellery
 l - an amulet of the acrobat
Scrolls
 c - 3 scrolls of identify {unknown}
 d - 2 scrolls of teleportation {unknown}
 g - 3 scrolls of enchant armour {unknown}
 j - a scroll of noise {unknown}
 k - a scroll of magic mapping {unknown}
 n - 2 scrolls of amnesia {unknown}
Potions
 f - 2 potions of cancellation {unknown}
 h - 3 potions of degeneration {unknown}
 m - 2 potions of heal wounds {unknown}
 p - a potion of magic {unknown}


   Skills:
 * Level 7.3 Fighting
 + Level 5.6 Polearms
 - Level 1.2 Spellcasting
 - Level 2.6 Fire Magic


You had 7 spell levels left.
You didn't know any spells.
Your spell library contained the following spells:

 Spells                   Type           Power      Damage    Failure   Level
 Scorch                   Fire           16%        2d5       12%         2
 Animate Skeleton         Necr           0%         N/A       24%         1
 Pain                     Necr           0%         1d4       24%         1
 Sandblast                Erth           0%         2d4       24%         1
 Summon Small Mammal      Summ           0%         N/A       24%         1
 Passwall                 Tmut/Erth      0%         N/A       36%         2
 Call Canine Familiar     Summ           0%         N/A       58%         3
 Stone Arrow              Conj/Erth      0%         3d7       58%         3
 Summon Guardian Golem    Hex/Summ       0%         N/A       58%         3
 Vampiric Draining        Necr           0%         2d6       58%         3


Dungeon Overview and Level Annotations

Branches:
Dungeon (5/15)
 Temple: D:4-7

Altars:
Sif Muna

Shops:
D:1 (   D:4 :


Innate Abilities, Weirdness & Mutations

You are too large for most types of armour.
You have tough skin. (AC +1)


Message History

You barely miss Sigmund.
Sigmund is almost dead.
You closely miss Sigmund.
Sigmund is almost dead.
Sigmund hits you with a +0 scythe!
You hit Sigmund. You burn Sigmund.
You kill Sigmund!
Your Fighting skill increases to level 7!
Things that are here:
a +0 scythe; a +0 robe
o - a +0 scythe Your -1 spear of flaming stops flaming.
o - a +0 scythe (weapon)
HP restored.
p - a white potion An ogre comes into view.
It is wielding a +0 giant spiked club.
The ogre shouts!
You slash the ogre!
The ogre is heavily wounded.
The ogre closely misses you. The ogre barely misses you.
You hit the ogre.
The ogre is heavily wounded.
The ogre hits you with a +0 giant spiked club!
You barely miss the ogre.
The ogre is heavily wounded.
The ogre hits you with a +0 giant spiked club!!
You hit the ogre.
The ogre is heavily wounded.
The ogre barely misses you. The ogre closely misses you.
You hit the ogre.
The ogre is almost dead.
The ogre hits you with a +0 giant spiked club!!
* * * LOW HITPOINT WARNING * * *
You completely miss the ogre.
The ogre is almost dead.
The ogre closely misses you.
You barely miss the ogre.
The ogre is almost dead.
The ogre hits you with a +0 giant spiked club!
You die...

#.# #.# #.# #.# ..#
#.## ..### ...##....
##.##...# .#####
#.##...# ########.....#
#..#...# #.....@O≈.....
#..#...# #...[...≈.....
#......# #.......≈≈....
#.#....###......≈≈≈....
#.#†...##......≈≈≈≈≈...
#.#....##....≈≈≈≈≈≈≈≈≈.
#.##...##..≈≈)≈≈§≈≈≈≈≈≈
#.##...(.(...≈≈≈§≈§§≈≈≈
#........#.§§§§§≈§≈≈≈


You could see an ogre.

Vanquished Creatures
  Sigmund (D:4)
  2 hounds
  An orc priest (D:4)
  An orc wizard (D:4)
  2 adders (D:2)
  3 dart slugs
  A worm (D:4)
  2 orcs (D:4)
  8 ball pythons
  A bat (D:1)
  7 endoplasms
  5 giant cockroaches
  8 goblins
  7 hobgoblins
  9 jackals
  7 kobolds
  3 quokkas
  6 frilled lizards
  5 rats
79 creatures vanquished.

Vanquished Creatures (others)
  Robin (D:4)
  An endoplasm (D:4)
  7 goblins (D:4)
  3 hobgoblins (D:4)
  4 jackals (D:4)
16 creatures vanquished.

Grand Total: 95 creatures vanquished

Notes
Turn   | Place    | Note
-------+----------+-------------------------------------------
     0 | D:1      | Redcow54321 the Ogre Cinder Acolyte began the quest for the
                  | Orb.
     0 | D:1      | Reached XP level 1. HP: 24/24 MP: 2/2
    55 | D:1      | Reached XP level 2. HP: 28/33 MP: 3/3
   227 | D:1      | Found Enkeorphu's Antique Weapon Shop.
   481 | D:1      | Reached skill level 5 in Fighting
   485 | D:1      | Reached XP level 3. HP: 38/42 MP: 4/4
  1171 | D:2      | Found a faded altar of an unknown god.
  1376 | D:2      | Reached XP level 4. HP: 45/50 MP: 5/5
  1452 | D:2      | Found a shimmering blue altar of Sif Muna.
  2302 | D:3      | Reached skill level 6 in Fighting
  2302 | D:3      | Reached XP level 5. HP: 27/59 MP: 6/6
  3112 | D:4      | Found Buuzofrei's Book Shoppe.
  3150 | D:4      | Killed Robin
  3501 | D:4      | Reached skill level 5 in Polearms
  3501 | D:4      | Reached XP level 6. HP: 67/68 MP: 7/7
  3527 | D:4      | Noticed Sigmund
  3539 | D:5      | Entered Level 5 of the Dungeon
  3556 | D:4      | Killed Sigmund
  3557 | D:4      | Reached skill level 7 in Fighting
  3709 | D:4      | Slain by an ogre

Illustrated notes

Levels and vault maps discovered:
D:1:      wheals_arrival_linesprint, layout_rooms, serial_shops, shop,
          amcnicky_mini_corridor_feature, minmay_misc_feat_tower,
          minmay_pentomino_t4
D:2:      layout_basic, basic_altar, basic_ecumenical_altar,
          minmay_misc_feat_diagonals
D:3:      minmay_spotlight, layout_loops_ring, minivault_25
D:4:      layout_basic, serial_shops, shop, portal_sewer_entry_e,
          lemuel_old_faithful, uniq_robin, uniq_sigmund
D:5:      layout_loops_cross, minmay_temple_entry_overgrown

Skill      XL: |  1  2  3  4  5  6 |
---------------+-------------------+-----
Fighting       | 5 6 7 |  7.3
Polearms       | 4 5 |  5.6
Spellcasting   | |  1.2
Fire Magic     | |  2.6

Action                   |  1- 3 |  4- 6 || total
-------------------------+-------+-------++-------
Melee: Spear             |   124 |   179 ||   303
       Scythe            |       |     7 ||     7
Armor: Robe              |    19 |    54 ||    73
Dodge: Dodged            |    32 |    74 ||   106

Table legend: (Time is in decaauts)
 A = Elapsed time spent in this place.
 B = Non-inter-level travel time spent in this place.
 C = Inter-level travel time spent in this place.
 D = Time resting spent in this place.
 E = Time spent auto-exploring this place.
 F = Levels seen in this place.
 G = Mean time per level.
                   A        B        C        D        E       F      G
               +--------+--------+--------+--------+--------+-----+--------+
         Total |   3685 |   3581 |    104 |      0 |   3022 |   5 |  737.0 |
       Dungeon |   3685 |   3581 |    104 |      0 |   3022 |   5 |  737.0 |
               +--------+--------+--------+--------+--------+-----+--------+

Top non-repeatable levels by time:
     D:3: 1060 daAuts
     D:2: 1029 daAuts
     D:1: 879 daAuts
     D:4: 712 daAuts
     D:5: 3 daAuts
